 Dungeon Crawl Stone Soup version 0.31-a0-202-g547052bce9 (webtiles) character file.

Game seed: 3301719750496073042

145 qw the Skirmisher (level 5, -6/29 HPs)
             Began as a Deep Elf Hunter on June 26, 2023.
             Mangled by a gnoll
             ... wielding a +0 halberd
              (7 damage)
             ... on level 3 of the Dungeon.
             The game lasted 00:00:40 (1571 turns).

qw the Skirmisher (Deep Elf Hunter)                 Turns: 1571, Time: 00:00:41

Health: -6/29      AC:  5    Str: 10    XL:     5   Next: 6%
Magic:  7/7        EV: 11    Int: 14    God:
Gold:   196        SH:  0    Dex: 18    Spells: 4/4 levels left

rFire   . . .        d - +0 shortbow (heavy)
rCold   . . .        (shield currently unavailable)
rNeg    . . .        a - +0 ring mail
rPois   .            (no helmet)
rElec   .            (no cloak)
rCorr   .            (no gloves)
SInv    .            (no boots)
Will    .....        (no amulet)
Stlth   +            (no ring)
HPRegen 0.24/turn    (no ring)
MPRegen 0.10/turn

%: no passive effects
@: lethally poisoned (-6 -> -8)
A: no striking features
a: no special abilities


You were on level 3 of the Dungeon.
You visited 1 branch of the dungeon, and saw 3 of its levels.

You collected 196 gold pieces.


   Skills:
 - Level 1.5 Fighting
 + Level 8.4 Ranged Weapons
 - Level 2.4 Dodging
 - Level 1.2 Stealth


You had 4 spell levels left.
You didn't know any spells.
Your spell library was empty.

Inventory:

Hand Weapons
 d - a +0 heavy shortbow (weapon)
Armour
 a - a +0 ring mail (worn)
Jewellery
 c - a ring of wizardry
Scrolls
 f - 2 scrolls of teleportation {unknown}
 i - 2 scrolls of immolation {unknown}
 j - a scroll of revelation {unknown}
 k - a scroll of fog {unknown}
Potions
 b - a potion of enlightenment
 e - a potion of heal wounds {unknown}
 g - 3 potions of curing
 h - a potion of degeneration {unknown}

Dungeon Overview and Level Annotations

Branches:
Dungeon (3/15)

Altars:


Message History

You struggle against the net.
You struggle against the net.
An adder comes into view.
You tear a large gash into the net.
An endoplasm comes into view.
You shred the net and break free!
The adder hisses angrily.
The gnoll throws a throwing net.
The throwing net hits you.
You become entangled in the net!
You struggle against the net.
The endoplasm jiggles.
A gnoll comes into view. It is wielding a +0 flail.
You struggle against the net.
The gnoll shouts!
You struggle against the net.
The gnoll hits you but does no damage. The gnoll barely misses you.
You rip the net and break free!
The gnoll hits you but does no damage. The gnoll completely misses you.
You shoot an arrow. The arrow closely misses the adder.
The arrow barely misses the gnoll.
The adder bites you but does no damage.
The gnoll hits you from afar with a +0 halberd.
The gnoll barely misses you. The adder bites you.
The gnoll hits you from afar with a +0 halberd.
The endoplasm hits you. The gnoll hits you with a +0 club.
You shoot an arrow. The arrow hits the adder!
The adder is severely wounded.
The adder bites you.
You are poisoned.
The adder poisons you! The adder closely misses you.
The gnoll hits you from afar with a +0 halberd.
The gnoll barely misses you.
The endoplasm hits you but does no damage.
The adder bites you.
You shoot an arrow. The arrow closely misses the adder.
The arrow hits the gnoll!
The gnoll is almost dead.
You feel sick. The endoplasm closely misses you. The gnoll barely misses you.
The gnoll hits you from afar with a +0 halberd!
You die...

######## ..
#......# ..#
#.####.#
############.# #
#.# #.# #.#
#.>...gJg.....
..###.# #.#
#.###.....@Sg.....
......# #.#
#.........#.####..
#... #.#
#.#######.#.#
#.###.# #.# #.#
#.#.# .# #......
#.# #.# #.#.# #..#
#####.# #.# #.#
#...# ..# #... #.#
#.# #.... ..# #.#.
#.# #.# #.### #.#
#... #.# #.# #.#
#.# ###.


You could see 3 gnolls, an adder and an endoplasm.

Vanquished Creatures
  Natasha (twice) (D:2)
  3 adders
  2 dart slugs
  An orc (D:3)
  8 bats
  2 endoplasms
  A giant cockroach (D:2)
  6 goblins
  7 hobgoblins
  6 kobolds
  4 quokkas
  6 ball pythons
  6 frilled lizards
  6 rats
60 creatures vanquished.

Notes
Turn   | Place    | Note
-------+----------+-------------------------------------------
     0 | D:1      | qw the Deep Elf Hunter began the quest for the Orb.
     0 | D:1      | Reached XP level 1. HP: 12/12 MP: 3/3
     0 | D:1      | 0 ||| qw: Version: 0.3-a-22-g0ed2b0b
     0 | D:1      | 0 ||| qw: Game counter: 5790
     0 | D:1      | 0 ||| qw: Melee chars always use a shield: true
     0 | D:1      | 0 ||| qw: God list: Okawaru
     0 | D:1      | 0 ||| qw: Allow faded altars: false
     0 | D:1      | 0 ||| qw: Do Orc after clearing Dungeon:15 true
     0 | D:1      | 0 ||| qw: Do second Lair branch before Depths: true
     0 | D:1      | 0 ||| qw: Lair rune preference: random
     0 | D:1      | 0 ||| qw: Goals: Normal
     0 | D:1      | 0 ||| PLANNING D:1-11
    87 | D:1      | Reached XP level 2. HP: 16/16 MP: 4/4
    91 | D:1      | Reached skill level 6 in Ranged Weapons
   276 | D:1      | Reached XP level 3. HP: 20/20 MP: 5/5
   422 | D:1      | 422 ||| READING scroll labelled RAQIEF GYRUTHU.
   423 | D:1      | 423 ||| READING scroll labelled RAMENNOZXUN.
   424 | D:1      | 424 ||| READING scroll labelled HEUTWUHANU.
   425 | D:1      | 425 ||| DRINKING 2 fuming silvery potions.
   462 | D:1      | 462 ||| DRINKING 2 fuming coppery potions.
   463 | D:1      | 463 ||| DROPPING scroll of butterflies.
   464 | D:1      | 464 ||| DROPPING potion of lignification.
   793 | D:2      | Reached skill level 7 in Ranged Weapons
   899 | D:2      | Reached XP level 4. HP: 25/25 MP: 6/6
  1029 | D:2      | Noticed Natasha
  1033 | D:2      | Killed Natasha
  1065 | D:2      | 1065 ||| Stepping ~*~*~tactically~*~*~ (outnumbered).
  1137 | D:2      | Noticed Natasha
  1145 | D:2      | Killed Natasha
  1146 | D:2      | Reached skill level 8 in Ranged Weapons
  1275 | D:2      | 1275 ||| UPGRADING to +0 ring mail.
  1285 | D:2      | 1285 ||| DROPPING +0 leather armour.
  1286 | D:2      | 1286 ||| READING scroll labelled ORINEAGG JUSMO.
  1287 | D:2      | 1287 ||| DRINKING 2 fuming black potions.
  1442 | D:3      | Reached XP level 5. HP: 29/29 MP: 7/7
  1570 | D:3      | HP: 4/29 [gnoll/+0 halberd (6)]
  1571 | D:3      | HP: 1/29 [poisoned by an adder]
  1571 | D:3      | Mangled by a gnoll

Levels and vault maps discovered:
D:1:      dpeg_arrival_rooms_b, layout_rooms
D:2:      layout_basic, minmay_between, uniq_natasha
D:3:      layout_loops_ring

Skill      XL: |  1  2  3  4 |
---------------+-------------+-----
Ranged Weapons | 6 7 8 |  8.4
Fighting       | |  1.5
Dodging        | |  2.4
Stealth        | |  1.2

Action                     |  1- 3 |  4- 6 || total
---------------------------+-------+-------++-------
   Fire: Shortbow          |    94 |    46 ||   140
    Use: Scroll            |     3 |     1 ||     4
         Potion            |     2 |     1 ||     3
 Armour: Leather armour    |     5 |     6 ||    11
         Ring mail         |       |     4 ||     4
  Dodge: Dodged            |    12 |    22 ||    34

Table legend:
 A = Non-vault XP
 B = Vault XP
 C = Vault XP percentage of total XP
 D = Non-vault monster count
 E = Vault monster count
 F = Vault count percentage of total count
                 A         B        C        D         E       F
            +---------+---------+-------+---------+---------+-------
      Total |     164 |      44 |  21.2 |      55 |       5 |   8.3
            +---------+---------+-------+---------+---------+-------
        D:1 |      42 |       0 |   0.0 |      25 |       0 |   0.0
        D:2 |      93 |      44 |  32.1 |      21 |       5 |  19.2
        D:3 |      29 |       0 |   0.0 |       9 |       0 |   0.0
            +---------+---------+-------+---------+---------+-------
